[Event "76th GEO-ch Women 2019"]
[Site "Tbilisi"]
[Date "2019.03.19"]
[Round "1.2"]
[White "Tsereteli, Tamar"]
[Black "Mikadze, Miranda"]
[Result "1/2-1/2"]
[ECO "B10"]
[WhiteElo "2315"]
[BlackElo "2266"]
[Annotator "NA"]
[PlyCount "66"]
[EventDate "2019.03.19"]
[EventType "swiss"]
[EventCountry "GEO"]
[SourceTitle "playchess.com"]
[Source "ChessBase"]
[SourceQuality "1"]
[TimeControl "40/5400+30:1800+30"]

1. e4 c6 2. Nf3 d5 3. Nc3 Nf6 (3... Bg4 4. h3 Bxf3 5. Qxf3 e6 6. g3 Nd7 7. Bg2 g6 8. Qe2 Ne7 9. d4 Bg7 10. Be3 O-O 11. O-O dxe4 12. Nxe4 Nf5 13. Rad1 Nxe3 14. Qxe3 {1-0 (66) Nakamura,H (2777)-Aronian,L (2767) chess.com INT 2018}) 4. exd5 cxd5 5. Bb5+ Bd7 6. Qe2 {[%emt 0:02:59] B11: Caro-Kann: Two Knights Variation} a6 7. Bxd7+ Nbxd7 8. O-O e6 9. d4 Bb4 $146 ({Predecessor:} 9... Be7 10. Bg5 O-O 11. Nd1 {½-½ (37) Protsenko,R (2263)-Georgescu,T (2403) Belgrade 2012}) 10. Nd1 O-O 11. Ne5 Rc8 12. Bf4 Re8 13. Ne3 Nxe5 14. dxe5 Nd7 15. Rfd1 Nb6 16. Qh5 f5 17. exf6 Qxf6 18. Be5 Qf7 19. Qxf7+ Kxf7 20. c3 Be7 21. f4 Na4 22. Rab1 b5 23. Bd4 h5 24. Nc2 g5 25. Rf1 Kg6 26. Rbe1 Nc5 27. f5+ ({White should play} 27. fxg5 $16 Rf8 28. Rf3) 27... exf5 28. Re5 f4 29. Rxd5 (29. h4 $11) 29... Ne6 (29... Nd3 $15) 30. Re1 Nxd4 31. Nxd4 Bf6 32. Rxe8 Rxe8 33. Kf2 $11 Bxd4+ 1/2-1/2

[Event "76th GEO-ch Women 2019"]
[Site "Tbilisi"]
[Date "2019.03.19"]
[Round "1.4"]
[White "Purtseladze, Maka"]
[Black "Vakhania, Aleksandra"]
[Result "1-0"]
[ECO "D11"]
[WhiteElo "2282"]
[BlackElo "2175"]
[Annotator "NA"]
[PlyCount "99"]
[EventDate "2019.03.19"]
[EventType "swiss"]
[EventCountry "GEO"]
[SourceTitle "playchess.com"]
[Source "ChessBase"]
[SourceQuality "1"]
[TimeControl "40/5400+30:1800+30"]

1. d4 d5 2. c4 c6 3. Nf3 Nf6 4. Qb3 dxc4 5. Qxc4 Bf5 6. g3 Qd5 {[%emt 0:05:31] D23: Queen's Gambit Accepted: 3 Nf3 Nf6 sidelines} (6... e6 7. Bg2 Be7 8. O-O O-O 9. Nc3 Nbd7 10. Re1 Rc8 11. e4 Bg4 12. Qb3 b5 13. h3 Bxf3 14. Bxf3 e5 15. dxe5 Nxe5 16. Bg2 Bc5 17. Rd1 Qe7 {½-½ (42) Mamedyarov,S (2820)-Borisek,J (2578) Batumi 2018}) 7. Qb4 c5 8. Qxc5 Qxc5 9. dxc5 e6 10. Nd4 $146 ({Predecessor:} 10. Nc3 Bxc5 11. Bg2 Nc6 12. Nh4 Bg6 13. O-O Rc8 14. Nxg6 hxg6 {1-0 (53) Magalashvili,D (2455)-Mnatsakanian,E (2256) Jermuk 2010}) 10... Be4 11. f3 Bc6 12. a3 Bxc5 13. Nxc6 (13. Be3 $11) 13... Nxc6 ({Of course not} 13... bxc6 14. Nd2 $11) 14. b4 Bd4 15. Ra2 Rc8 16. Bd2 Ne5 17. Bg2 Nd5 18. e4 Nb6 19. Ke2 Ke7 20. b5 Rhd8 21. f4 Nec4 22. Bb4+ Bc5 23. e5 Nd5 $11 24. Rc1 Bxb4 25. axb4 Nce3 26. Rxc8 Rxc8 27. Bxd5 Nxd5 28. Rxa7 Rc7 29. Na3 Kd7 30. Kd3 Nxb4+ 31. Kd4 b6 32. Ra4 Nc2+ 33. Nxc2 Rxc2 34. Ra7+ Rc7 35. Ra6 Rb7 36. Ra8 h5 37. Ke4 g6 38. Kf3 Rc7 39. Rf8 Rc5 40. Rxf7+ Ke8 41. Rf6 Ke7 42. Rxg6 Rxb5 43. Rg7+ Kd8 44. Rh7 Rd5 45. Rxh5 b5 46. Rh7 Kc8 47. Ra7 b4 48. Ra2 Kd7 49. Rb2 Rd3+ 50. Ke4 1-0

[Event "76th GEO-ch Women 2019"]
[Site "Tbilisi"]
[Date "2019.03.22"]
[Round "4.1"]
[White "Melia, Salome"]
[Black "Esadze, Tamari"]
[Result "1-0"]
[ECO "B99"]
[WhiteElo "2385"]
[BlackElo "2078"]
[Annotator "NA"]
[PlyCount "87"]
[EventDate "2019.03.19"]
[EventType "swiss"]
[EventCountry "GEO"]
[SourceTitle "playchess.com"]
[Source "ChessBase"]
[SourceQuality "1"]
[TimeControl "40/5400+30:1800+30"]

1. e4 c5 2. Nf3 d6 3. d4 cxd4 4. Nxd4 Nf6 5. Nc3 a6 6. Bg5 e6 7. f4 Be7 8. Qf3 Qc7 9. O-O-O Nbd7 10. g4 b5 11. Bxf6 Nxf6 12. g5 Nd7 13. f5 $1 O-O {[%emt 0:06:46] B99: Sicilian Najdorf: 6 Bg5 e6 7 f4 Be7 8 Qf3 Qc7 9 0-0-0 Nbd7} 14. Rg1 ({Of course not} 14. f6 gxf6 15. gxf6 Nxf6 $17) (14. h4 b4 15. Nce2 Bb7 16. Kb1 Rac8 17. Bh3 e5 18. f6 exd4 19. fxe7 Rfe8 20. Nxd4 Rxe7 21. Nf5 Rxe4 22. Nxd6 Rd4 23. Qxf7+ Kh8 24. Nxc8 {1-0 (24) Sutovsky,E (2683)-Huschenbeth,N (2596) Douglas 2017}) 14... Ne5 (14... b4 $1 $11 15. Nce2 e5) 15. Qg3 b4 16. Nce2 Bb7 $146 ({Predecessor:} 16... exf5 17. exf5 f6 18. Bg2 Ra7 19. Bd5+ Kh8 20. g6 h6 21. Nf4 {1-0 (39) Kedziora,C-Woestmann,U Germany 1996}) 17. f6 (17. Bg2 $16) 17... Bd8 18. fxg7 Re8 ({Don't take} 18... Kxg7 19. Qh3 $11) 19. Bg2 Rc8 20. h4 Nc4 (20... Kxg7 $11 {keeps the balance.} 21. Nf4 Qc5) 21. Kb1 e5 (21... Qc5 $14) 22. Nf5 Na3+ 23. bxa3 Qxc2+ 24. Ka1 Qxe2 25. Qb3 ({But not} 25. Nxd6 $6 Bb6 $16) ({Less strong is} 25. Rxd6 Bxe4 26. Bxe4 Qxe4 $16) ({Resist} 25. axb4 $6 Bb6 $16) 25... d5 26. exd5 ({Inferior is} 26. Qxb4 Ba5 $11) 26... Rc3 27. Qxb4 $2 {[%emt 0:03:10] [#]} (27. Qb1 $18 Rxa3 28. Rdf1) 27... Rc2 $2 (27... Ba5 $1 $17 {[%cal Ra5b4] and life is bright.} 28. Qxb7 Rc7) 28. Qb3 Ba5 $1 29. Kb1 ({Better is} 29. Ng3 $11 Qc4 30. Ne4) 29... Rc3 $15 30. Qb2 Qxb2+ 31. Kxb2 Rb8 32. Ka1 Rc2 33. Rd3 Bc3+ 34. Rxc3 Rxc3 35. Rb1 Rc7 36. d6 Rd7 37. Bc6 Rdd8 38. Bxb7 Rd7 39. Bxa6 Rxb1+ 40. Kxb1 e4 41. Kc2 e3 42. Kd3 Ra7 43. Bc4 Rxa3+ 44. Bb3 1-0

[Event "76th GEO-ch Women 2019"]
[Site "Tbilisi"]
[Date "2019.03.22"]
[Round "4.2"]
[White "Vakhania, Aleksandra"]
[Black "Tsatsalashvili, Keti"]
[Result "0-1"]
[ECO "A05"]
[WhiteElo "2175"]
[BlackElo "2326"]
[Annotator "NA"]
[PlyCount "130"]
[EventDate "2019.03.19"]
[EventType "swiss"]
[EventCountry "GEO"]
[SourceTitle "playchess.com"]
[Source "ChessBase"]
[SourceQuality "1"]
[TimeControl "40/5400+30:1800+30"]

1. Nf3 Nf6 2. g3 c5 3. Bg2 Nc6 4. O-O d5 5. d4 cxd4 6. Nxd4 e5 7. Nxc6 bxc6 {[%emt 0:00:03] [#]} 8. c4 $1 Be7 9. Nc3 Be6 10. Bg5 {[%emt 0:03:15] LiveBook: 8 Games} e4 {[%emt 0:00:56] D02: 1 d4 d5 2 Nf3 sidelines, including 2...Nf6 3 g3 and 2...Nf6 3 Bf4} 11. Qa4 (11. cxd5 cxd5 12. Qa4+ Qd7 13. Rac1 Qxa4 14. Nxa4 O-O 15. Nc5 Bxc5 16. Rxc5 Nd7 17. Rc7 Rfb8 18. b3 {½-½ (29) Horvath,C (2518)-Socko,M (2437) Germany 2015}) 11... O-O 12. Rad1 Qe8 13. b4 $146 ({White should try} 13. e3 $14) ({Predecessor:} 13. Bxf6 Bxf6 14. cxd5 cxd5 15. Qxe8 Rfxe8 16. Nxd5 Bxd5 17. Rxd5 Bxb2 18. Rb1 {1-0 (34) Frisk,E (2257)-Yashora,T (1715) Tromsoe 2014}) 13... Rd8 14. b5 (14. Be3 $14) 14... cxb5 15. cxb5 Rd7 16. Be3 Qb8 17. Bd4 Rc8 18. Qb3 Rc4 19. a3 Ne8 20. e3 Qc8 21. Ne2 Rb7 22. Nf4 Nd6 (22... a6 $5) 23. a4 a6 24. b6 a5 $1 25. Qb2 Bf8 26. Rc1 Qd7 27. Rxc4 (27. Nxe6 $14 fxe6 28. f3) 27... Nxc4 28. Qc3 Qxa4 29. Ra1 $11 Qb4 30. Qc2 Bc5 31. Rb1 Na3 32. Qxc5 Qxc5 33. Bxc5 Nxb1 34. Bf1 Rb8 35. Ba6 Bc8 36. Bb5 Bb7 37. Bd6 Ra8 38. Ne2 Nd2 39. Nc3 Nc4 40. Bc7 Nb2 41. Na4 Nxa4 42. Bxa4 f6 43. Kf1 Kf7 44. Ke1 Ke6 45. Kd2 Rc8 46. Kc3 Rxc7+ 47. bxc7 Kd6 48. Kd4 Kxc7 49. Kc5 f5 50. h4 Bc8 51. Kxd5 Bd7 52. Bc2 Kb6 53. Kd6 Bb5 54. Ke6 a4 55. Kd5 Ka5 56. Bxa4 Bxa4 57. Ke5 g6 58. h5 gxh5 59. Kxf5 Bc2 60. Kg5 Bd1 61. Kf4 Bf3 62. g4 hxg4 63. Kg5 Kb4 64. Kh6 Kc3 65. Kxh7 Kd2 0-1

[Event "76th GEO-ch Women 2019"]
[Site "Tbilisi"]
[Date "2019.03.22"]
[Round "4.3"]
[White "Arabidze, Meri"]
[Black "Khurtsilava, Inga"]
[Result "1-0"]
[ECO "E16"]
[WhiteElo "2392"]
[BlackElo "2234"]
[Annotator "NA"]
[PlyCount "95"]
[EventDate "2019.03.19"]
[EventType "swiss"]
[EventCountry "GEO"]
[SourceTitle "playchess.com"]
[Source "ChessBase"]
[SourceQuality "1"]
[TimeControl "40/5400+30:1800+30"]

1. d4 Nf6 2. c4 e6 3. Nf3 Bb4+ 4. Bd2 Qe7 5. g3 O-O 6. Bg2 Bxd2+ 7. Qxd2 d6 8. Nc3 e5 9. O-O Re8 10. e4 Bg4 11. Ne1 exd4 {[%emt 0:08:15] E11: Bogo-Indian} (11... Nc6 12. Nc2 Nxd4 13. Nxd4 exd4 14. Qxd4 Qe5 15. Qd3 Qh5 16. f3 Bh3 17. Qd4 Bxg2 18. Kxg2 Qe5 19. Rfd1 Qxd4 20. Rxd4 Nd7 21. Nd5 Rac8 22. Rad1 Kf8 23. Kf2 Ne5 24. Ne3 a5 25. Rc1 b6 26. Nd5 {½-½ (26) Mchedlishvili,M (2635)-Shanava,K (2521) Tbilisi 2008}) 12. Qxd4 Nc6 13. Qd2 Qd7 14. f3 Bh3 15. Nc2 Bxg2 16. Kxg2 Ne5 17. Ne3 Rad8 {[%emt 0:00:33] [#]} 18. b3 $146 ({Predecessor:} 18. Rad1 h6 19. b3 {1-0 (36) Timoscenko,G (2520)-Zlochevskij,A (2435) Bozen 1998}) 18... Ng6 19. Rac1 c6 20. Rcd1 Qe6 21. Qd4 a6 22. Rfe1 Qe5 (22... h5 $14) 23. Nf5 Qa5 24. Re3 Re6 ({Better is} 24... h5) 25. c5 d5 26. b4 Qc7 27. exd5 cxd5 {[%emt 0:00:07] [#]} 28. Ne4 $1 Ne8 29. Ned6 Nf6 (29... Rxe3 $16 {keeps fighting.} 30. Qxe3 Nxd6 31. Nxd6 Qe7) 30. Rde1 Rxe3 31. Rxe3 ({Not} 31. Nxe3 Ne7 $16) (31. Qxe3 Qd7 $18) 31... Qd7 {[%emt 0:02:20] [#]} 32. Nh6+ $1 Kf8 33. Nhxf7 Rb8 $18 34. Ne5 Nxe5 35. Qxe5 Rd8 36. g4 h6 37. a4 Ra8 38. a5 Rd8 39. h3 Ra8 40. Kf2 Rd8 41. h4 Kg8 42. g5 hxg5 43. hxg5 Nh5 44. Qxd5+ Kh7 45. Re6 Nf4 46. g6+ Kh6 47. Nf7+ Qxf7 48. gxf7+ 1-0

[Event "76th GEO-ch Women 2019"]
[Site "Tbilisi"]
[Date "2019.03.22"]
[Round "4.4"]
[White "Mikadze, Miranda"]
[Black "Khomeriki, Nino"]
[Result "1/2-1/2"]
[ECO "C55"]
[WhiteElo "2266"]
[BlackElo "2347"]
[Annotator "NA"]
[PlyCount "153"]
[EventDate "2019.03.19"]
[EventType "swiss"]
[EventCountry "GEO"]
[SourceTitle "playchess.com"]
[Source "ChessBase"]
[SourceQuality "1"]
[TimeControl "40/5400+30:1800+30"]

1. e4 e5 2. Nf3 Nc6 3. Bc4 Nf6 4. d3 Be7 5. O-O O-O 6. Re1 d6 7. a4 Na5 8. Ba2 {[%emt 0:00:14] C55: Two Knights: 4 d3, 4 d4 exd4 5 e5 and Max Lange Attack} c5 9. c3 Nc6 10. h3 (10. Na3 a6 11. Bd2 Rb8 12. Nc2 Be6 13. Bxe6 fxe6 14. b4 b5 15. Qe2 Qd7 {½-½ (54) Duda,J (2707)-Naiditsch,A (2710) Linares 2017}) 10... Be6 11. Bxe6 fxe6 12. Na3 Nh5 13. Nc4 Nf4 14. Be3 $146 ({Predecessor:} 14. Bxf4 Rxf4 15. b4 cxb4 16. cxb4 Nxb4 {½-½ (32) Nichols,S (2240)-Legrand,S (2244) FICGS email 2010}) 14... Rc8 15. b3 b6 16. d4 exd4 17. cxd4 d5 18. exd5 exd5 19. Nce5 Nxe5 20. Nxe5 Bd6 21. Bxf4 Rxf4 22. dxc5 Bxc5 23. Nd3 Rf5 24. Rc1 Qf8 25. b4 ({White should try} 25. Qe2 $14 Rd8 26. Rc2 (26. Nxc5 bxc5 27. Qe6+ Rf7 $14)) 25... Bd6 26. Qe2 $14 Rd8 27. a5 Bxb4 28. Qe6+ Rf7 29. Nxb4 Qxb4 30. Rc7 Qf4 31. Rec1 Qxf2+ 32. Kh1 Qf6 33. Qe1 Rxc7 34. Rxc7 bxa5 35. Rxa7 d4 36. Rxa5 d3 37. Ra2 h6 38. Rd2 Kh8 39. Qe3 Qf5 40. Kg1 Kh7 41. Rd1 Rd5 42. Rd2 h5 43. Rf2 Qg6 44. Rd2 h4 45. Qf4 Qb6+ 46. Kf1 Qc5 47. g4 Rd4 48. Qf2 Kg8 49. Kg2 Qc6+ 50. Qf3 Qd6 51. Qe3 Kh7 52. Qf2 Qd5+ 53. Kh2 Qe5+ 54. Kg2 Qd5+ 55. Kh2 Qg5 56. Kg2 Rd6 57. Qe1 Qd5+ 58. Kh2 Rh6 59. Qe3 Rd6 60. Qe1 Qg5 61. Qe4+ Qg6 62. Qe1 Qf6 63. Qe4+ g6 64. Kg2 Rd4 65. Qe8 Rf4 66. Qd7+ Kh6 67. Qxd3 Qc6+ 68. Qd5 Qxd5+ 69. Rxd5 Ra4 70. Rb5 Ra2+ 71. Kg1 Kg7 72. g5 Ra3 73. Kh2 Kf7 74. Rb4 Ra2+ 75. Kg1 Ra5 76. Rxh4 Rxg5+ 77. Kf2 1/2-1/2

[Event "76th GEO-ch Women 2019"]
[Site "Tbilisi"]
[Date "2019.03.22"]
[Round "4.5"]
[White "Khukhashvili, Sopiko"]
[Black "Purtseladze, Maka"]
[Result "1/2-1/2"]
[ECO "C00"]
[WhiteElo "2342"]
[BlackElo "2282"]
[Annotator "NA"]
[PlyCount "117"]
[EventDate "2019.03.19"]
[EventType "swiss"]
[EventCountry "GEO"]
[SourceTitle "playchess.com"]
[Source "ChessBase"]
[SourceQuality "1"]
[TimeControl "40/5400+30:1800+30"]

1. e4 e6 2. f4 d5 3. e5 b6 {[%emt 0:08:04] C00: French: Unusual White 2nd moves} (3... c5 4. Nf3 Nc6 5. c3 Nh6 6. Na3 Nf5 7. Nc2 Be7 8. d4 Bd7 9. Bd3 g6 10. O-O cxd4 11. Bxf5 gxf5 12. Ncxd4 Qb6 13. Rf2 Na5 14. b3 Rc8 {0-1 (45) Izoria,Z (2603)-Smirnov,A (2569) chess.com INT 2019}) 4. c3 Qd7 5. Nf3 Ba6 6. Bxa6 Nxa6 7. Qe2 $146 ({Predecessor:} 7. a4 c5 8. d3 Nh6 9. Na3 Be7 10. O-O O-O 11. Nc2 {1-0 (25) Grbac,I (2128)-Grozdanic,V (2074) Croatia 2014}) 7... Nc5 8. Na3 a6 9. O-O Nh6 10. d3 Be7 11. Be3 Nf5 12. Bf2 h5 13. Rfd1 Qa4 14. g3 g5 15. Nxg5 Bxg5 16. fxg5 Qg4 17. Qxg4 hxg4 18. Nc2 Rg8 19. Be3 Nxe3 20. Nxe3 Rxg5 21. d4 Ne4 22. Rf1 c5 23. Kg2 cxd4 24. cxd4 Rc8 25. Rac1 Rxc1 26. Rxc1 Kd7 27. Rf1 Ke7 28. Rc1 Kd7 29. a4 a5 30. Rf1 Ke7 31. b4 axb4 32. Rb1 Kd7 33. Rxb4 Kc6 34. Rb1 f6 35. exf6 Nxf6 36. Rf1 Rg6 37. Nc2 Nd7 38. Ne3 Kd6 39. a5 bxa5 40. Ra1 Nf6 41. Rxa5 Rg8 42. Ra6+ Ke7 43. Ra7+ Kd6 44. Rf7 $11 Rg6 45. Kg1 Ne4 46. Ra7 Rg8 47. Kg2 Nc3 48. Ra6+ Kd7 49. Rb6 Ne4 50. Rb7+ Kd6 51. Rh7 Rg6 52. Rh8 Rg7 53. Ra8 Rg5 54. Ra5 Rg8 55. Ra7 Nc3 56. Ra3 Ne4 57. Ra2 Kc6 58. Ra1 Kd6 59. Ra4 {[%emt 0:02:45] Ke5} 1/2-1/2

[Event "76th GEO-ch Women 2019"]
[Site "Tbilisi"]
[Date "2019.03.22"]
[Round "4.6"]
[White "Tsereteli, Tamar"]
[Black "Gvetadze, Sofio"]
[Result "0-1"]
[ECO "B07"]
[WhiteElo "2315"]
[BlackElo "2321"]
[Annotator "NA"]
[PlyCount "134"]
[EventDate "2019.03.19"]
[EventType "swiss"]
[EventCountry "GEO"]
[SourceTitle "playchess.com"]
[Source "ChessBase"]
[SourceQuality "1"]
[TimeControl "40/5400+30:1800+30"]

1. e4 d6 2. d4 Nf6 3. Nc3 Nbd7 4. Bc4 e5 5. Nf3 Be7 6. O-O O-O 7. Qe2 c6 8. a4 a5 9. Rd1 Qc7 10. h3 exd4 {[%emt 0:02:38] C41: Philidor Defence} 11. Nxd4 Nc5 (11... Re8 12. Bf4 Bf8 13. Nf5 Ne5 14. Ng3 Be6 15. Bxe6 Rxe6 16. b3 Rae8 17. Rd4 Ng6 18. Qd2 Nxf4 19. Qxf4 {0-1 (53) Macieja,B (2629)-Cyborowski,L (2543) Warsaw 2003}) 12. Bf4 Nfd7 13. Rd2 Ne5 14. Ba2 $146 ({Predecessor:} 14. Nb3 Qb6 15. Bxe5 dxe5 16. Nxc5 Bxc5 17. Nd1 Re8 18. b3 {½-½ (42) Wandzik,W (2360)-Gumularz,S (2239) Jastrzebia Gora 2015}) 14... Ng6 (14... Be6 $5) 15. Be3 Re8 16. Qf3 Bf6 17. Rad1 (17. Nf5 $16 Bxf5 18. exf5) 17... b6 18. g4 (18. Nxc6 $14 Bxc3 19. bxc3) 18... Nh4 (18... Be5 $15) 19. Qg3 $1 Rxe4 {[%emt 0:01:54] [#]} (19... h6 $14) 20. Ndb5 $1 cxb5 21. Bxc5 {[%emt 0:00:07] Pin} Bb7 (21... Bxc3 22. Bxd6 Qd8 23. Bd5 (23. Qxc3 Bb7 $16)) 22. Bxd6 ({Much weaker is} 22. Nxe4 $6 Bxe4 23. Bxd6 Qc8 $11 24. axb5 Nf3+ 25. Kf1 Nxd2+ 26. Rxd2 Qd7 $11) 22... Qc8 23. Bd5 ({Much worse is} 23. Nxe4 $6) 23... Bxc3 $1 24. bxc3 Bxd5 25. Rxd5 Ng6 $1 26. Bc7 Re8 27. Rxb5 Qe6 28. Qd3 Qc6 29. Bg3 $11 ({Of course not} 29. Bxb6 Nf4 $17) 29... h6 30. c4 Rac8 31. c5 bxc5 32. c4 Qf6 33. Qf5 Qe7 34. Rxa5 Qe2 35. Qd3 Qa2 36. Ra7 Ra8 37. Rc7 Qxa4 38. Rxc5 Nf8 39. Rc7 Ne6 40. Qd7 Nxc7 41. Qxa4 Rxa4 42. Bxc7 Rxc4 43. Rd8 Rxd8 44. Bxd8 f5 45. gxf5 Kf7 46. Kg2 Rf4 47. f6 gxf6 48. Kg3 Ra4 49. Bb6 Kg6 50. Be3 h5 51. Bc5 Kf5 52. Be3 Ke5 53. Bb6 f5 54. Bc7+ Kd5 55. Bd8 Re4 56. Bb6 f4+ 57. Kf3 Ke5 58. Bc7+ Kf5 59. Bd6 Rd4 60. Bc7 Rd3+ 61. Kg2 Ke4 62. h4 Rd7 63. f3+ Ke3 64. Be5 Rd8 65. Bf6 Rd2+ 66. Kh3 Kxf3 67. Be5 Rd1 0-1

[Event "76th GEO-ch Women 2019"]
[Site "Tbilisi"]
[Date "2019.03.23"]
[Round "5.1"]
[White "Gvetadze, Sofio"]
[Black "Melia, Salome"]
[Result "1-0"]
[ECO "B15"]
[WhiteElo "2321"]
[BlackElo "2385"]
[Annotator "NA"]
[PlyCount "85"]
[EventDate "2019.03.19"]
[EventType "swiss"]
[EventCountry "GEO"]
[SourceTitle "playchess.com"]
[Source "ChessBase"]
[SourceQuality "1"]
[TimeControl "40/5400+30:1800+30"]

1. e4 c6 2. d4 d5 3. Nc3 dxe4 4. Nxe4 Nf6 5. Ng3 g6 6. Nf3 Bg7 7. h3 {[%emt 0:00:19] B15: Caro-Kann: 3 Nc3: 3...g6 and 3...dxe4 4 Nxe4 Nf6 5 Nxf6+ exf6} (7. Be2 O-O 8. O-O b6 9. Ne5 Bb7 10. Bf3 Qc8 11. c3 c5 12. dxc5 bxc5 13. Bxb7 Qxb7 14. Qb3 Qa6 15. Re1 {½-½ (58) Nemeth,M (2470)-Prohaszka,P (2610) Ajka 2018}) 7... O-O 8. Bc4 c5 9. O-O cxd4 10. Nxd4 Bd7 $146 ({Predecessor:} 10... a6 11. Be3 Qc7 12. Qe2 Nbd7 13. a4 b6 14. Rfd1 {0-1 (76) Balasubramaniam,H (2219)-Kathmale,S (2323) Pardubice 2018}) 11. Re1 Qc7 12. Qe2 a6 13. Bb3 Re8 14. Nf3 Nc6 15. Qc4 e6 (15... b5 $11 16. Qc5 (16. Qxf7+ Kh8 $11) 16... Rac8) 16. Qh4 h5 17. Bd2 b5 (17... Na5 $11 {keeps the balance.}) 18. Bc3 Nh7 ({Black should play} 18... Qd8 $14) 19. Bxg7 Kxg7 20. Rad1 ({White should play} 20. c4 $16) 20... Ra7 21. Ne4 Bc8 22. Nd6 Rd8 {[%emt 0:04:23] [#]} 23. Qg3 $1 Kg8 24. c3 Qe7 (24... Qb8 $142 25. Ne5 Nxe5) 25. Nxc8 Rxc8 {[%emt 0:00:12] [#]} 26. Bxe6 $1 fxe6 27. Qxg6+ {[%emt 0:00:03] Double Attack} Kh8 $18 28. Rxe6 Rg8 29. Qh6 Qf7 30. Nh4 Ne7 31. Rde1 Rd7 32. Rxa6 Rb7 33. Rd6 Rc7 34. Rde6 Rb7 35. Qe3 Nd5 36. Qe5+ Ndf6 37. Kh1 Qg7 38. g3 Qg5 39. Nf5 Rd7 40. h4 Qg4 41. Rxf6 Qf3+ 42. Kg1 Rd5 43. Qe6 1-0

[Event "76th GEO-ch Women 2019"]
[Site "Tbilisi"]
[Date "2019.03.23"]
[Round "5.2"]
[White "Purtseladze, Maka"]
[Black "Tsereteli, Tamar"]
[Result "0-1"]
[ECO "E00"]
[WhiteElo "2282"]
[BlackElo "2315"]
[Annotator "NA"]
[PlyCount "120"]
[EventDate "2019.03.19"]
[EventType "swiss"]
[EventCountry "GEO"]
[SourceTitle "playchess.com"]
[Source "ChessBase"]
[SourceQuality "1"]
[TimeControl "40/5400+30:1800+30"]

1. d4 Nf6 2. c4 e6 3. Nc3 d5 4. e3 Be7 {[%emt 0:05:25] LiveBook: 31 Games} 5. Bd3 O-O 6. cxd5 {[%emt 0:04:28] D35: Queen's Gambit Declined: Exchange Variation} exd5 7. Nge2 Re8 (7... c5 8. O-O Nc6 9. a3 a5 10. b3 b6 11. Kh1 Re8 12. Bb5 Bb7 {0-1 (54) Boros,D (2429)-Wang,P (2380) Charlotte 2018}) 8. Qc2 $146 ({Predecessor:} 8. O-O Nbd7 9. Nf4 c6 10. f3 Nf8 11. Bc2 Ne6 12. e4 Nxf4 13. Bxf4 {½-½ (42) Paquico Rodriguez,I (2137)-Merriman,J (2263) London 2017}) 8... c5 9. dxc5 Nc6 10. a3 Bxc5 11. b4 Bb6 12. Na4 ({White should try} 12. O-O $11) 12... Bc7 13. Bb2 Ne4 14. Rd1 Qg5 15. Bxe4 dxe4 16. h4 Qh5 ({Don't blunder} 16... Qxg2 $2 17. Rg1 $18) 17. Nac3 Bf5 18. Nd5 Be5 19. Nef4 (19. b5 $16 Bxb2 20. bxc6) 19... Qh6 20. b5 Bxb2 21. Qxb2 Ne5 22. Nc7 Qf6 ({Don't go for} 22... Nc4 $2 23. Qb4 $18) 23. Qb4 Bg4 24. Nxe8 Rxe8 25. Rc1 $2 (25. Rd4 $18) 25... h6 $16 (25... Nd3+ $1 $11 26. Nxd3 exd3) 26. h5 (26. Qd4 $16) 26... a6 27. a4 Qxf4 28. exf4 Nd3+ 29. Kd2 Nxb4 30. Ke3 Nd5+ 31. Kd4 Nxf4 32. Rb1 Ne2+ 33. Kc5 Nc3 34. Ra1 f6 35. Kb6 axb5 36. axb5 Re5 37. Ra5 Be2 38. Re1 Bd3 39. Rc1 Rxb5+ 40. Rxb5 Nxb5 41. Kxb7 Nd4 42. Kc7 Ne2 43. Rh1 Nf4 44. g3 Ne6+ 45. Kd6 Ng5 46. Re1 Nh3 47. Ra1 Be2 48. Ra8+ Kh7 49. Ra5 Ng5 50. Kd5 Bxh5 51. Kd4 Bf3 52. Ke3 Nf7 53. Kf4 Kg6 54. Ra7 Ne5 55. Rc7 Nd3+ 56. Ke3 f5 57. Ra7 Kf6 58. Ra5 Kg5 59. Ra6 h5 60. Ra7 g6 0-1

[Event "76th GEO-ch Women 2019"]
[Site "Tbilisi"]
[Date "2019.03.23"]
[Round "5.3"]
[White "Khomeriki, Nino"]
[Black "Khukhashvili, Sopiko"]
[Result "1-0"]
[ECO "A41"]
[WhiteElo "2347"]
[BlackElo "2342"]
[Annotator "NA"]
[PlyCount "99"]
[EventDate "2019.03.19"]
[EventType "swiss"]
[EventCountry "GEO"]
[SourceTitle "playchess.com"]
[Source "ChessBase"]
[SourceQuality "1"]
[TimeControl "40/5400+30:1800+30"]

1. d4 d6 2. Nf3 Bg4 3. g3 Bxf3 4. exf3 e6 5. c4 {[%emt 0:02:24] A41: 1 d4 d6: Tartakower System and Modern Defence} (5. Bg2 d5 6. f4 g6 7. O-O Bg7 8. Be3 Ne7 9. Qd3 O-O 10. Nd2 c5 11. c3 cxd4 12. Bxd4 Bxd4 13. Qxd4 {1-0 (66) Drozdovskij,Y (2616)-Bogdanovich,S (2537) Odessa 2018}) 5... c6 6. d5 exd5 7. cxd5 Nf6 8. Nc3 Be7 9. Bg2 O-O 10. O-O Na6 11. Re1 Re8 12. f4 c5 13. g4 Bf8 $146 14. Rxe8 Nxe8 15. Ne4 Nf6 {[%emt 0:03:08] [#]} 16. Ng3 $1 c4 17. Be3 Nc5 18. g5 Nfd7 19. f5 b5 20. h4 Qe8 21. Qd2 f6 {[%emt 0:06:23] [#]} ({Black should play} 21... a5 $14) 22. Bd4 (22. Re1 $1 $16 Nd3 23. Re2) 22... Qf7 (22... Be7 $14) 23. Re1 a5 {[%emt 0:02:35] [#]} 24. Bf3 (24. Re6 $1 $18) 24... Ne5 $2 (24... a4 $14) 25. Bxe5 fxe5 26. Bh5 Qb7 27. f6 g6 $2 (27... Kh8 $11) 28. Bg4 Kf7 29. Ne4 Nd3 30. Be6+ Ke8 31. Re3 Nf4 32. Ng3 Kd8 33. Ne2 Nd3 34. Nc1 Nf4 35. Ne2 $2 (35. b3 $18) 35... Nd3 36. Rh3 Qb6 37. Nc1 Nf4 38. Rf3 b4 $16 (38... Nxe6 $142 39. dxe6 Qd4) 39. Ne2 Nxe2+ 40. Qxe2 Qd4 41. h5 a4 42. hxg6 hxg6 43. Rh3 Qf4 44. Rh7 Qxg5+ 45. Bg4 Qc1+ 46. Kg2 b3 47. a3 Ke8 48. Qe4 Qc2 49. Qe3 Qd3 50. Bd7+ 1-0

[Event "76th GEO-ch Women 2019"]
[Site "Tbilisi"]
[Date "2019.03.23"]
[Round "5.4"]
[White "Khurtsilava, Inga"]
[Black "Mikadze, Miranda"]
[Result "0-1"]
[ECO "A01"]
[WhiteElo "2234"]
[BlackElo "2266"]
[Annotator "NA"]
[PlyCount "86"]
[EventDate "2019.03.19"]
[EventType "swiss"]
[EventCountry "GEO"]
[SourceTitle "playchess.com"]
[Source "ChessBase"]
[SourceQuality "1"]
[TimeControl "40/5400+30:1800+30"]

1. b3 e5 2. Bb2 Nc6 3. e3 d5 4. Nf3 Bd6 5. Bb5 f6 6. c4 a6 {[%emt 0:03:14] A01: Nimzowitsch-Larsen Opening} (6... Nge7 7. Nc3 a6 8. Ba4 O-O 9. O-O Nb4 10. d4 e4 11. Ne1 Be6 12. a3 Nbc6 13. Bxc6 bxc6 14. c5 Bxh2+ 15. Kxh2 {½-½ (62) Zhao,X (2506)-Kosteniuk,A (2554) Huaian 2016}) 7. Bxc6+ bxc6 8. Qc2 Be6 9. d3 Nh6 10. e4 $146 ({Predecessor:} 10. O-O O-O 11. Ba3 Qd7 12. Bxd6 cxd6 13. Nc3 dxc4 14. dxc4 {0-1 (50) Gonzalez Rodriguez,J (2372)-Jerez Perez,A (2405) Barcelona 2015}) 10... dxe4 11. dxe4 Qe7 12. Bc1 Nf7 13. Be3 Bc5 14. Bxc5 Qxc5 15. Nc3 O-O 16. O-O Nd8 17. Na4 Qe7 18. c5 a5 19. Nh4 g6 20. Rad1 Bc8 21. Rd2 Ne6 22. Nf3 g5 23. Qc3 Qf7 24. Rfd1 Qh5 25. Qe3 Nf4 (25... g4 $5 26. Ne1 $8 Ba6 $14) 26. Ne1 Bg4 27. f3 Be6 28. Nd3 Kh8 29. Nc3 Rg8 30. Ne2 a4 31. Ng3 Qf7 32. Nf5 (32. Nc1 $15) 32... Bxf5 33. exf5 axb3 34. Nxf4 (34. axb3 $17 Qxb3 35. Qe1) 34... bxa2 $19 ({And not} 34... gxf4 35. Qxb3 Qxb3 36. axb3 $11) 35. Ra1 gxf4 36. Qe2 Qh5 37. Rdxa2 Rxa2 38. Rxa2 Qxf5 39. Qe4 Qd7 40. Rc2 Qd1+ 41. Kf2 Qh1 42. g4 Rxg4 43. Ke2 Rg2+ 0-1